 Dungeon Crawl Stone Soup version 0.27-a0-836-gfc908b8576 (webtiles) character file.

Game seed: 3938188775710976629

1 Aviak the Insei (level 1, -4/17 HPs)
             Began as a Djinni Transmuter on Mar 31, 2021.
             Slain by a gnoll
             ... wielding a +3 spear
              (9 damage)
             ... on level 1 of the Dungeon.
             The game lasted 00:00:18 (74 turns).

Aviak the Insei (Djinni Transmuter)                   Turns: 74, Time: 00:00:19

Health: -4/17      AC:  2    Str:  9    XL:     1   Next: 20%
Gold:   0          EV: 12    Int: 14    God:
                   SH:  0    Dex: 13

rFire    + + .     SeeInvis .     - Unarmed
rCold    x . .     Faith    .   (no shield)
rNeg     . . .     Spirit   .   a - +0 robe
rPois    ∞         Reflect  .   (helmet currently unavailable)
rElec    .         Harm     .   (no cloak)
rCorr    .         Rampage  .   (no gloves)
Will     .....                  (boots unavailable)
Stlth    +.........             (no amulet)
HPRegen  0.05/turn              (no ring)
MPRegen  0.00/turn              (no ring)

@: appendages (expiring), flying
A: horns 2, flying, fire resistance 2, cold vulnerability 1, float, innate
caster, hp casting, extra vitality 1
a: End Transformation


You were on level 1 of the Dungeon.
You had temporarily grown beastly horns.
You visited 1 branch of the dungeon, and saw 1 of its levels.

Inventory:

Armour
 a - a +0 robe (worn)


   Skills:
 + Level 1.0 Fighting
 - Level 2.1 Dodging
 + Level 3.0 Unarmed Combat
 + Level 1.8 Spellcasting


You couldn't memorise any spells.
You knew the following spells:

 Your Spells              Type           Power      Damage    Failure   Level
a - Beastly Appendage     Tmut           12%        N/A       12%         1
b - Wereblood             Tmut           6%         N/A       17%         2
c - Spider Form           Tmut/Pois      3%         N/A       34%         3
d - Ice Form              Ice/Tmut       6%         N/A       75%         4
e - Hydra Form            Tmut           3%         N/A       97%         5
Your spell library was empty.

Dungeon Overview and Level Annotations

Branches:
Dungeon (1/15)

Altars:


Innate Abilities, Weirdness & Mutations

You have temporarily grown beastly horns.
You are flying.
You are immune to poison.
Your flesh is very heat resistant. (rF++)
You are vulnerable to cold. (rC-)
You float through the air rather than walking.
You learn spells naturally, not from books.
Your magical power is your life essence.
You have superior vitality. (+4 HP)


Message History

You hit the kobold but do no damage. The kobold closely misses you.
You closely miss the kobold. You barely miss the kobold.
The kobold hits you but does no damage.
You barely miss the kobold. The kobold barely misses you.
You hit the kobold but do no damage. The kobold closely misses you.
You hit the kobold. You headbutt the kobold.
You kill the kobold!
No target in view!
No target in view!
Your horns disappear.
HP restored.
Things that are here:
a +0 short sword; a stone No target in view!
A gnoll comes into view. It is wielding a +3 spear.
A gnoll is nearby!
A goblin comes into view. It is wielding a +0 club.
The goblin shouts!
Found a scroll labelled DUENIRUANU.
There are monsters nearby!
The gnoll barely misses you.
Found a ring mail.
The gnoll hits you from afar with a +3 spear.
You aren't carrying any scrolls.
Casting: Beastly Appendage (safe; 12% risk of failure)
Confirm with . or Enter, or press ? or * to list all spells.
You grow a pair of large bovine horns.
The gnoll barely misses you. The gnoll misses you.
You barely miss the gnoll. The gnoll hits you with a +3 spear.
* * * LOW HITPOINT WARNING * * *
You hit the gnoll.
The gnoll is moderately wounded.
The gnoll barely misses you.
Unknown command.
You closely miss the gnoll.
The gnoll is moderately wounded.
Your transformation is almost over.
The gnoll hits you with a +3 spear!
Ouch! That really hurt!
You die...

#6#p# #...#
######## #...#
....'..###...##
######...'....#
#V#p##)###....#
######.# #....#
#.# #.)..# #.#
#....##### #.#
#......@.# #.#
#...####g# #.#
#...# #g....[.#
##### #.......#
#.?.....+
##......#
......# ......#
......#


You could see a gnoll and a goblin.

Vanquished Creatures
  A kobold (D:1)
1 creature vanquished.

Notes
Turn   | Place    | Note
-------+----------+-------------------------------------------
     0 | D:1      | Aviak the Djinni Transmuter began the quest for the Orb.
     0 | D:1      | Reached XP level 1. HP: 17/17 MP: 0/0
     2 | D:1      | Noticed a spriggan
     2 | D:1      | Noticed a troll
     4 | D:1      | Noticed a vine stalker
     4 | D:1      | Noticed a ghoul
     6 | D:1      | Noticed a minotaur
     6 | D:1      | Noticed a merfolk
     8 | D:1      | Noticed a dwarf
     8 | D:1      | Noticed a naga
    12 | D:1      | Noticed a tengu
    12 | D:1      | Noticed a draconian
    14 | D:1      | Noticed an ogre
    14 | D:1      | Noticed a centaur
    16 | D:1      | Noticed a barachi
    16 | D:1      | Noticed a felid
    18 | D:1      | Noticed a palentonga
    18 | D:1      | Noticed a gargoyle
    20 | D:1      | Noticed an elf
    22 | D:1      | Noticed an octopode
    22 | D:1      | Noticed a formicid
    24 | D:1      | Noticed a demonspawn
    24 | D:1      | Noticed a vampire
    26 | D:1      | Noticed a demigod
    26 | D:1      | Noticed a human
    74 | D:1      | Slain by a gnoll

Illustrated notes

Levels and vault maps discovered:
D:1:      kb_arrival_jail, layout_basic, st_stairs_7, minmay_statues_item

Action                   || total
-------------------------++-------
Melee: Unarmed           ||     9
       Headbutt          ||     1
 Cast: Beastly Appendage ||     2
Armor: Robe              ||     1
Dodge: Dodged            ||     7

Table legend: (Time is in decaauts)
 A = Elapsed time spent in this place.
 B = Non-inter-level travel time spent in this place.
 C = Inter-level travel time spent in this place.
 D = Time resting spent in this place.
 E = Time spent auto-exploring this place.
 F = Levels seen in this place.
 G = Mean time per level.
                   A        B        C        D        E       F      G
               +--------+--------+--------+--------+--------+-----+--------+
         Total |     73 |     73 |      0 |      0 |     54 |   1 |   73.0 |
       Dungeon |     73 |     73 |      0 |      0 |     54 |   1 |   73.0 |
               +--------+--------+--------+--------+--------+-----+--------+

Top non-repeatable levels by time:
     D:1: 73 daAuts
